 Dungeon Crawl Stone Soup version 0.24-a0-317-g5cb8de4 (webtiles) character file.

Game seed: 13429839078659909483

98 MisterFreud the Changer (level 4, 0/28 HPs)
             Began as an Octopode Transmuter on May 16, 2019.
             Killed from afar by Natasha (7 damage)
             ... with a magic dart
             ... on level 2 of the Dungeon.
             The game lasted 00:04:40 (2639 turns).

MisterFreud the Changer (Octopode Transmuter)       Turns: 2639, Time: 00:04:40

Health: 0/28       AC:  2    Str:  9    XL:     4   Next: 71%
Magic:  6/8        EV: 19    Int: 16    God:
Gold:   77         SH:  0    Dex: 17    Spells: 2/8 levels left

rFire    . . .     SeeInvis .     - Unarmed
rCold    . . .     Gourm    .   (shield currently unavailable)
rNeg     . . .     Faith    .   (helmet currently unavailable)
rPois    x         Spirit   .   (no amulet)
rElec    .         Reflect  .   (no ring)
rCorr    .         Harm     .   (no ring)
MR       .....                  (no ring)
Stlth    ++........             (no ring)
HPRegen  0.09/turn              (no ring)
MPRegen  0.11/turn              (no ring)
                                (no ring)
                                (no ring)

@: spider-form
A: tiny, almost no armour, stealthy swim, (amphibious), 8 rings, (constrict 8)
a: End Transformation


You were on level 2 of the Dungeon.
You were hungry.
You were a venomous arachnid creature.
You visited 1 branch of the dungeon, and saw 2 of its levels.

You collected 77 gold pieces.

Inventory:

Missiles
 a - 34 arrows
 d - 51 stones (quivered)
 g - 15 bolts
Scrolls
 e - a scroll of remove curse
 h - a scroll of identify
Potions
 f - a potion of might
 i - a potion of resistance
 j - a potion of flight {unknown}
 k - a potion of magic {unknown}
 l - a potion of degeneration {unknown}
Comestibles
 b - 4 chunks of flesh
 c - 6 rations


   Skills:
 - Level 1.0 Fighting
 - Level 2.0 Dodging
 - Level 3.0 Unarmed Combat
 + Level 2.9 Spellcasting
 * Level 4.1 Transmutations


You had 2 spell levels left.
You knew the following spells:

 Your Spells              Type           Power        Failure   Level  Hunger
a - Beastly Appendage     Tmut           ###...       12%         1    #......
b - Sticks to Snakes      Tmut           ###.....     16%         2    ##.....
c - Spider Form           Tmut/Pois      #.........   45%         3    ###....

Your spell library contained the following spells:

 Spells                   Type           Power        Failure   Level  Hunger
 Ice Form                 Ice/Tmut       #.......     82%         4    #####..
 Blade Hands              Tmut           ###.......   85%         5    ######.


Dungeon Overview and Level Annotations

Branches:
Dungeon (2/15)

Altars:
Fedhas

Annotations:
D:2 Natasha


Innate Abilities, Weirdness & Mutations

You cannot wear most types of armour.
You are very stealthy in the water. (Stealth+)
((You are amphibious.))
You can wear up to eight rings at the same time.
((You can use your tentacles to constrict eight enemies at once.))
((Your skin changes colour to match your surroundings (Stealth+).))
((Your rubbery body absorbs attacks. (AC +1, EV +1)))


Message History

Natasha is moderately wounded.
Natasha zaps a wand.
The puff of flame hits you!
* * * LOW HITPOINT WARNING * * *
You are too injured to fight recklessly!
You hit Natasha.
Natasha looks as sick as possible!
Natasha is heavily wounded.
Natasha completely misses you.
You barely miss Natasha.
Natasha is heavily wounded.
Natasha mumbles some strange words.
You feel disoriented. Natasha barely misses you.
You hit Natasha but do no damage.
Natasha looks as sick as possible!
Natasha is heavily wounded.
Natasha completely misses you.
You barely miss Natasha.
Natasha is heavily wounded.
Natasha casts a spell at you. The magic dart hits you!
You die...

.##.##.########..########........
.##.#...........># ###.#####
.##.############## #.# .##.# #.#
.##'############ #####.#
...............########...#.#
......................'...'.#####
...........=...h....###...###....
................s...# #...# #....
....................###...# #....
.....#########............# #....
.....# #............# #....
.....# #####........# #....
.....# #........# #.... .....#
#........# #.... .....#
#........# #...÷ .÷...#
#........# #....


You could see Natasha.

Vanquished Creatures
  Natasha (D:2)
  2 adders (D:2)
  2 worms (D:2)
  A dart slug (D:2)
  A leopard gecko (D:2)
  7 bats
  4 giant cockroaches
  4 goblins
  5 hobgoblins
  7 kobolds
  2 quokkas (D:2)
  6 frilled lizards
  7 rats
49 creatures vanquished.

Notes
Turn   | Place    | Note
-------+----------+-------------------------------------------
     0 | D:1      | MisterFreud the Octopode Transmuter began the quest for the
                  | Orb.
     0 | D:1      | Reached XP level 1. HP: 13/13 MP: 3/3
   189 | D:1      | Reached XP level 2. HP: 10/18 MP: 3/5
   674 | D:1      | Reached skill level 3 in Transmutations
   874 | D:1      | Reached XP level 3. HP: 23/23 MP: 4/6
  1092 | D:1      | Learned a level 2 spell: Sticks to Snakes
  1096 | D:1      | Learned a level 3 spell: Spider Form
  1724 | D:2      | Found a blossoming altar of Fedhas.
  1954 | D:2      | Noticed Natasha
  1966 | D:2      | Killed Natasha
  1966 | D:2      | Reached XP level 4. HP: 10/28 MP: 5/8
  2262 | D:2      | Reached skill level 4 in Transmutations
  2623 | D:2      | Noticed Natasha
  2639 | D:2      | Killed from afar by Natasha

Levels and vault maps discovered:
D:1:      dpeg_arrival_short_road, layout_loops_corners
D:2:      layout_basic, overflow_temple_1_default, kennysheep_generic_room_7,
          uniq_natasha

Skill      XL: |  1  2  3  4 |
---------------+-------------+-----
Transmutations | 3 4 |  4.1
Fighting       | |  1.0
Dodging        | |  2.0
Unarmed Combat | |  3.0
Spellcasting   | |  2.9

Action                   |  1- 3 |  4- 6 || total
-------------------------+-------+-------++-------
Melee: Unarmed           |    84 |    28 ||   112
       Kick              |    11 |       ||    11
       Constrict         |    20 |     3 ||    23
       Tentacles         |    12 |     4 ||    16
 Cast: Beastly Appendage |    13 |       ||    13
       Spider Form       |     4 |     2 ||     6
       Sticks to Snakes  |     1 |     1 ||     2
  Use: Scroll            |     6 |       ||     6
       Potion            |     1 |       ||     1
 Stab: Sleeping          |    10 |       ||    10
  Eat: Chunk             |     4 |     2 ||     6
Armor: Skin              |     7 |     7 ||    14
Dodge: Dodged            |    38 |    25 ||    63

Table legend:
 A = Non-vault XP
 B = Vault XP
 C = Vault XP percentage of total XP
 D = Non-vault monster count
 E = Vault monster count
 F = Vault count percentage of total count
                 A         B        C        D         E       F
            +---------+---------+-------+---------+---------+-------
      Total |     103 |      38 |  27.0 |      46 |       3 |   6.1
            +---------+---------+-------+---------+---------+-------
        D:1 |      34 |       0 |   0.0 |      22 |       0 |   0.0
        D:2 |      69 |      38 |  35.5 |      24 |       3 |  11.1
            +---------+---------+-------+---------+---------+-------
